Unix NetHack Version 3.7.0-83 Work-in-progress - last build Apr 28 2023 22:06:38 (2625824c38750939014cf799bb7ff71c9e9c2d48,branch:master). Game began 2023-05-06 14:23:36, ended 2023-05-06 16:21:19. Zega, lawful male human Samurai --------- --------- ---------------- ---------- ### |.......| |.{.....| |.......[.......## ##.......<.| #------- +.......| |.......| |.......{......| @ #|........| #|^....| |.....[.%####....(...| |..............| @ #--------|- #|.....| -----.--- --------- |..............-##############0##%####-[....| ## --------------.- # ## # ---.--- # ## ## # # ## # ########## # # # # # # # # # # -.--+--- # # -----+---##################################.......| # # ####........|# ------------.--- |......| #### ------##### |.......-# |..............| ####-......| -.---- |.....# |.......|# |..............|####### |......| |.....#####-....|# |{......| |..............| -------- |...)| |....|# |.......| ---------------- |....| .>| --------- ----- --- Zega the Joshu St:18 Dx:15 Co:18 In:9 Wi:11 Ch:6 Lawful S:36464 Dlvl:12 $:3196 HP:0(91) Pw:42(42) AC:3 Xp:10/7913 T:11304 Latest messages: It misses the rust monster. You kill the rust monster! You stumble into a spider web! You disentangle yourself. You climb up the stairs. You swap places with your housecat. Where do you want to travel to? (For instructions type a '?') The fire elemental hits! You avoid harm. You hit the fire elemental! You are suddenly very hot! You hit the fire elemental! You are suddenly very hot! The fire elemental hits! You avoid harm. You swap places with your housecat. The incubus hits! The incubus hits again! You miss the incubus. You hit the incubus! The incubus hits! The incubus hits again! You hit the incubus! The incubus hits! The incubus hits again! You hit the incubus! The incubus hits! The incubus hits again! You kill the incubus! The sergeant swings her nunchaku. The sergeant hits! You are carrying too much to get through. You hit the sergeant! You hit the sergeant! The sergeant swings her nunchaku. The sergeant hits! You miss the sergeant. The sergeant swings her nunchaku. The sergeant hits! It misses the sergeant. Are you sure you want to pray? [yn] (n) y You begin praying to Amaterasu Omikami. The sergeant swings her nunchaku. The sergeant hits! It misses the sergeant. The sergeant swings her nunchaku. The sergeant hits! You die... Do you want your possessions identified? [ynq] (y) q Inventory: Coins $ - 3196 gold pieces Weapons d - 6 +0 ya (in quiver) c - a burnt +0 yumi (alternate weapon; not wielded) V - a +0 shito w - the rustproof +0 Snickersnee (weapon in hand) Armor q - an uncursed thoroughly rusty +0 dwarvish iron helm (being worn) f - an uncursed burnt +0 pair of gauntlets of dexterity (being worn) H - an uncursed rusty +0 pair of iron shoes (being worn) x - an uncursed +0 dwarvish cloak (being worn) n - an uncursed +0 mummy wrapping y - an uncursed +0 dwarvish mithril-coat (being worn) Comestibles k - an uncursed clove of garlic O - an uncursed cram ration m - 2 uncursed fortune cookies I - 2 uncursed gunyoki p - an uncursed homemade tin of stalker meat D - an uncursed lizard corpse Rings u - an uncursed +0 ring of adornment F - an uncursed ring of conflict t - a cursed ring of poison resistance K - an uncursed ring of regeneration (on right hand) e - an uncursed ring of stealth (on left hand) E - an uncursed ring of warning Wands v - a wand of cancellation (0:4) o - a wand of create monster (0:14) J - a wand of digging (0:0) X - a wand of striking (0:0) C - a wand of undead turning (0:-1) Tools i - an uncursed oilskin sack named pois/cold containing 21 items b - an uncursed blindfold A - an expensive camera (0:77) l - an uncursed oil lamp s - an uncursed stethoscope T - a tinning kit (0:74) z - a +0 unicorn horn Gems/Stones P - an uncursed black opal Q - an uncursed opal G - an uncursed worthless piece of orange glass U - an uncursed worthless piece of white glass R - an uncursed worthless piece of yellow glass Contents of the oilskin sack named pois/cold: 2104 gold pieces an uncursed amulet of unchanging an uncursed amulet of strangulation an uncursed pancake 4 uncursed scrolls of blank paper 2 cursed scrolls of blank paper an uncursed scroll of earth a cursed scroll of earth a cursed scroll of light an uncursed scroll of create monster 4 cursed scrolls of teleportation an uncursed scroll of destroy armor a potion of holy water an uncursed potion of speed an uncursed potion of extra healing a wand of magic missile (0:-1) a wand of magic missile (0:0) a wand of magic missile (0:7) a wand of striking (0:-1) a wand of striking (0:-1) a wand of undead turning (0:6) Zega the Samurai's attributes: Background: You were a Joshu, a level 10 male human Samurai. You were lawful, on a mission for Amaterasu Omikami who was opposed by Raijin (neutral) and Susanowo (chaotic). You were in the Dungeons of Doom, on level 12. You entered the dungeon 11304 turns ago. There was a full moon in effect when your adventure ended. You had 7913 experience points, 2087 more were needed to attain level 11. Your score was 36464 before end-of-game adjustments. Basics: You had 0 out of 91 hit points. You had all 42 energy points (spell power). Your armor class was 3. Your wallet contained 3196 zorkmids, and you had 2104 more stashed away in your pack. Autopickup was on for '$"=/!?' plus thrown. Final Characteristics: Your strength was 18 (limit:18/100). Your dexterity was 15 (limit:18). Your constitution was 18 (limit:18). Your intelligence was 9 (limit:18). Your wisdom was 11 (limit:18). Your charisma was 6 (limit:18). Final Status: You were not hungry. You were unencumbered. You were wielding a long sword. You had expert skill with long sword. Final Attributes: You were piously aligned. You were cold resistant. You were poison resistant. You were telepathic. You were stealthy. You regenerated. You were guarded. You were fast. You were lucky. You are dead. Miscellaneous: You disabled loading of bones levels. Total elapsed playing time was 1 hour, 57 minutes and 43 seconds. Major events: Turn 1: Zega the lawful male human Samurai entered the dungeon 707: attained the rank of Ronin (level 3) 961: entered the Gnomish Mines 1380: attained the rank of Ninja (level 6) 4309: was bestowed with Snickersnee by Amaterasu Omikami 6116: entered Sokoban 6925: entered the Bigroom 7318: completed 1st Sokoban level 7858: completed 2nd Sokoban level 10107: attained the rank of Joshu (level 10) 11304: killed by a sergeant, while praying Vanquished creatures: 2 stalkers 2 air elementals a water elemental a xorn a giant zombie 2 wargs 2 winter wolves 2 small mimics a glass piercer a xan an ettin mummy an ogre leader a quantum mechanic 2 pyrolisks a freezing sphere a flaming sphere a tiger a tengu an ochre jelly an energy vortex a green slime a pit viper 2 wraiths 2 amorous demons 3 chameleons a crocodile 2 giant beetles a quivering blob 2 cockatrices 9 wolves a lynx a panther 2 gremlins 2 leprechauns 3 orc-captains 3 iron piercers a mumak a giant spider a scorpion an ice vortex a black light a vampire bat a gnome ruler a dwarf mummy an ogre 4 brown puddings 2 rust monsters 2 owlbears a werewolf 4 lizards a dingo a housecat a blue jelly a gray unicorn 5 dust vortices a raven a snake a human zombie 2 rope golems 3 Woodland-elves a fire ant a bugbear an imp 3 quasits a mountain nymph a Mordor orc 3 Uruk-hai 4 orc shamans a rock piercer 2 yellow lights a shrieker a violet fungus 4 gnome leaders a gnomish wizard a kobold mummy 2 barrow wights 2 paper golems a baby crocodile a giant ant 3 little dogs 4 floating eyes 3 dwarves a homunculus 2 kobold leaders 17 hill orcs a rothe a rabid rat a centipede 4 orc zombies 2 dwarf zombies a werejackal 4 iguanas 6 killer bees 4 acid blobs 3 coyotes a gas spore a hobbit 3 manes 2 large kobolds a hobgoblin 3 giant rats 2 cave spiders 2 brown molds 2 green molds 2 red molds 20 gnomes 22 garter snakes 2 gnome zombies 4 geckos 5 jackals 3 foxes a goblin 2 sewer rats 9 grid bugs a bat 6 lichens a kobold zombie 12 newts 297 creatures vanquished. No species were genocided or became extinct. Voluntary challenges: You read items or engraved 15 times. You engraved Elbereth 7 times. You never genocided any monsters. You never polymorphed an object. You used no wishes. You did not violate any of the special Sokoban rules. Achievements: You attained the rank of Ronin. You entered the Gnomish Mines. You attained the rank of Ninja. You entered Sokoban. You entered the Big Room. You entered a shop. You attained the rank of Joshu. The Dungeons of Doom: levels 1 to 16 Level 1: "v" Many altars. Level 2: Level 3: Level 4: "v" Some fountains. Stairs down to The Gnomish Mines. Level 5: Level 6: A fountain. Level 7: "pick" Many fountains. Level 8: Stairs up to Sokoban, level 7. Level 9: "v" A fountain. Level 10: Level 11: A very big room. Level 12: <- You were here. Many fountains. Final resting place for you, killed by a sergeant, while praying. Level 13: Some fountains. Summoned by Lord Sato. Level 14: Level 15: A weapon shop, an altar. Level 16: A primitive area. The Gnomish Mines: levels 5 to 7 Level 5: Level 6: Level 7: An altar to Amaterasu Omikami, some fountains. Sokoban: levels 7 up to 5 Level 5: Unsolved. Level 6: Solved. Level 7: Solved. Game over: ---------- / \ / REST \ / IN \ / PEACE \ / \ | Zega | | 5300 Au | | killed by a | | sergeant | | | | | | 2023 | *| * * * | * _________)/\\_//(\/(/\)/\//\/|_)_______ Sayonara Zega the Samurai... You died in The Dungeons of Doom on dungeon level 12 with 35934 points, and 5300 pieces of gold, after 11304 moves. You were level 10 with a maximum of 91 hit points when you died.